 Dungeon Crawl Stone Soup version 0.26-a0-812-g31a745ddcd (webtiles) character file.

Game seed: 4905951784434042095

130 ipx the Digger (level 4, 0/24 HPs)
             Began as a Deep Elf Earth Elementalist on Dec 9, 2020.
             Slain by a scorpion (10 damage)
             ... on level 4 of the Dungeon.
             The game lasted 00:10:17 (948 turns).

ipx the Digger (Deep Elf Earth Elementalist)         Turns: 948, Time: 00:10:18

Health: 0/24       AC:  2    Str:  5    XL:     4   Next: 90%
Magic:  4/10       EV: 13    Int: 21    God:
Gold:   57         SH:  0    Dex: 15    Spells: 3/9 levels left

rFire    . . .     SeeInvis .   a - +0 short sword (venom)
rCold    . . .     Faith    .   (no shield)
rNeg     . . .     Spirit   .   c - +0 robe
rPois    .         Reflect  .   (no helmet)
rElec    .         Harm     .   (no cloak)
rCorr    .         Rampage  .   (no gloves)
MR       .....                  (no boots)
Stlth    ++........             (no amulet)
HPRegen  0.08/turn              (no ring)
MPRegen  0.12/turn              (no ring)

@: very slightly contaminated
A: no striking features
a: no special abilities


You were on level 4 of the Dungeon.
You visited 1 branch of the dungeon, and saw 4 of its levels.

You collected 57 gold pieces.

Inventory:

Hand Weapons
 a - a +0 short sword of venom (weapon)
Missiles
 b - 24 stones
 f - 10 poisoned darts (quivered)
 l - 3 atropa-tipped darts
Armour
 c - a +0 robe (worn)
Wands
 m - a wand of paralysis (10)
Scrolls
 d - a scroll of remove curse {unknown}
 e - a scroll of teleportation {unknown}
 g - 2 scrolls of identify {unknown}
 i - a scroll of amnesia {unknown}
 k - a scroll of random uselessness {unknown}
Potions
 h - a potion of heal wounds {unknown}
 n - a potion of brilliance {unknown}


   Skills:
 - Level 2.4 Dodging
 - Level 2.4 Stealth
 - Level 3.0 Spellcasting
 + Level 1.8 Conjurations
 + Level 1.8 Transmutations
 * Level 5.6 Earth Magic


You had 3 spell levels left.
You knew the following spells:

 Your Spells              Type           Power        Failure   Level
a - Stone Arrow           Conj/Erth      ###...       9%          3
q - Sandblast             Erth           ####..       1%          1
w - Passwall              Tmut/Erth      ###.....     4%          2

Your spell library contained the following spells:

 Spells                   Type           Power        Failure   Level
 Petrify                  Tmut/Erth      ###.....     28%         4
 Lee's Rapid Deconstruct  Erth           ####......   36%         5


Dungeon Overview and Level Annotations

Branches:
Dungeon (4/15)
 Temple: D:4-7

Altars:


Message History

b - 25 stones The scorpion stings you.
Casting: Sandblast (safe; 1% risk of failure)
Confirm with . or Enter, or press ? or * to list all spells.
Okay, then.
Evoke which item? (* to show all) (? for menu, Esc to quit)
Aiming: Paralyse
Press: ? - help, Shift-Dir - straight line, f/p - scorpion
Aim: a scorpion (chance to defeat MR: 46%)
Okay, then.
Casting: Sandblast (safe; 1% risk of failure)
Confirm with . or Enter, or press ? or * to list all spells.
Aiming: Sandblast (safe; 1% risk of failure)
Press: ? - help, Shift-Dir - straight line, f/p - scorpion
Aim: a scorpion The blast of sand hits the scorpion.
The scorpion is moderately wounded.
b - 24 stones The scorpion stings you!
You die...

#####.........###.##
###.........#####
#.# .............###
#.#
..........†....##
#.#
................#
#.#
.............>..# .#
................#
...............##
.......@.......#
.......s.......#
#.............##
##...........##
#...........#
..#......[...# #
........^..#
####........#


You could see a scorpion.

Vanquished Creatures
  2 worker ants (D:4)
  A howler monkey skeleton (D:4)
  3 adders
  A worm (D:2)
  A dart slug (D:2)
  A leopard gecko (D:2)
  3 orcs (D:3)
  A ball python (D:1)
  A giant cockroach (D:3)
  7 goblins
  5 hobgoblins
  2 quokkas
  2 bats
  4 frilled lizards
  3 kobolds
  3 rats
40 creatures vanquished.

Vanquished Creatures (others)
  A plant (D:3)
1 creature vanquished.

Grand Total: 41 creatures vanquished

Notes
Turn   | Place    | Note
-------+----------+-------------------------------------------
     0 | D:1      | ipx the Deep Elf Earth Elementalist began the quest for the
                  | Orb.
     0 | D:1      | Reached XP level 1. HP: 10/10 MP: 6/6
   185 | D:1      | Reached XP level 2. HP: 15/15 MP: 5/8
   195 | D:1      | Reached skill level 4 in Earth Magic
   411 | D:2      | Reached XP level 3. HP: 14/19 MP: 3/9
   416 | D:2      | Learned a level 3 spell: Stone Arrow
   586 | D:1      | Reached skill level 5 in Earth Magic
   663 | D:2      | Learned a level 2 spell: Passwall
   762 | D:3      | Reached skill level 1 in Conjurations
   842 | D:4      | Reached XP level 4. HP: 24/24 MP: 4/10
   948 | D:4      | Slain by a scorpion

Illustrated notes

Levels and vault maps discovered:
D:1:      matt_arrival_diagonals, layout_rooms
D:2:      layout_basic, lemuel_blue_sif_altar
D:3:      layout_basic, riverfiend_overflow_shadow_ancestor, old_standard_altar,
          chequers_ecumenical_altar_lobes, serial_bayou_pond_a, hex_medium
D:4:      minmay_angry_zag, layout_cave_pods, amethyst_overflow_temple_binary

Skill      XL: |  1  2  3 |
---------------+----------+-----
Earth Magic    | 4 5 |  5.6
Conjurations   | 1 |  1.8
Dodging        | |  2.4
Stealth        | |  2.4
Spellcasting   | |  3.0
Transmutations | |  1.8

Action                   |  1- 3 |  4- 6 || total
-------------------------+-------+-------++-------
Melee: Short sword       |    16 |     7 ||    23
Throw: Dart              |     3 |       ||     3
 Cast: Sandblast         |    39 |    10 ||    49
       Passwall          |     1 |       ||     1
  Use: Potion            |       |     2 ||     2
 Stab: Sleeping          |     2 |       ||     2
Armor: Robe              |     2 |     1 ||     3
Dodge: Dodged            |    11 |     3 ||    14

Table legend: (Time is in decaauts)
 A = Elapsed time spent in this place.
 B = Non-inter-level travel time spent in this place.
 C = Inter-level travel time spent in this place.
 D = Time resting spent in this place.
 E = Time spent auto-exploring this place.
 F = Levels seen in this place.
 G = Mean time per level.
                   A        B        C        D        E       F      G
               +--------+--------+--------+--------+--------+-----+--------+
         Total |    951 |    951 |      0 |      0 |      0 |   4 |  237.8 |
       Dungeon |    951 |    951 |      0 |      0 |      0 |   4 |  237.8 |
               +--------+--------+--------+--------+--------+-----+--------+

Top non-repeatable levels by time:
     D:2: 354 daAuts
     D:1: 313 daAuts
     D:3: 188 daAuts
     D:4: 95 daAuts
